 Dungeon Crawl Stone Soup version 0.20-a0-893-g832831a (webtiles) character file.

284 pichaelthompson the Skirmisher (level 6, -1/48 HPs)
             Began as a Demonspawn Berserker on Mar 16, 2017.
             Was a Believer of Trog.
             Slain by a killer bee (6 damage)
             ... on level 4 of the Dungeon.
             The game lasted 00:11:24 (3760 turns).

pichaelthompson the Skirmisher (DsBe)               Turns: 3760, Time: 00:11:26

Health: -1/48      AC:  9    Str: 18    XL:     6   Next: 7%
Magic:  6/6        EV: 12    Int:  9    God:    Trog [**....]
Gold:   91         SH:  0    Dex: 13    Spells: 5/5 levels left

rFire    + . .     SeeInvis .   t - +4 quarterstaff (chaos)
rCold    . . .     Gourm    .   b - +0 animal skin
rNeg     . . .     Faith    .   (shield currently unavailable)
rPois    .         Spirit   .   (helmet restricted)
rElec    .         Reflect  .   u - +2 cloak {+Inv}
rCorr    +         Harm     .   h - +1 pair of gloves
MR       .....                  (no boots)
Stlth    +.........             (no amulet)
Regen    0.2/turn               (no ring)
MPRegen  0.1/turn               l - ring of resist corrosion

@: heavily drained
A: antennae 2, molten scales 1, fire resistance 1, flame cloud immunity
a: Berserk, Trog's Hand, Burn Spellbooks, Renounce Religion, Evoke Invisibility


You were on level 4 of the Dungeon.
You worshipped Trog.
Trog was pleased with you.
You were not hungry.

You visited 1 branch of the dungeon, and saw 4 of its levels.
You also visited: Sewer.

You collected 91 gold pieces.

Inventory:

Hand Weapons
 t - a +4 quarterstaff of chaos (weapon)
Armour
 b - a +0 animal skin (worn)
 h - a +1 pair of gloves (worn)
 u - a +2 cloak of invisibility (worn)
Jewellery
 l - a ring of resist corrosion (left hand)
Scrolls
 m - a scroll of recharging
Potions
 a - a potion of magic
 d - a potion of haste
 g - 2 potions of curing
 j - a potion of agility
 k - a potion of brilliance
 o - a potion of resistance
 p - a potion of flight {unknown}
Comestibles
 c - a bread ration
 f - 2 chunks of flesh
 i - 2 meat rations
 n - a royal jelly


   Skills:
 + Level 4.2(2.5) Fighting
   Level 3.5(2.2) Polearms
 + Level 2.1(1.5) Staves
 + Level 2.0(0.5) Armour
 + Level 3.6(1.9) Dodging
 + Level 0.6(0.0) Stealth


You had 5 spell levels left.
You didn't know any spells.

Dungeon Overview and Level Annotations

Branches:
Dungeon (4/15)
 Temple: D:4-7

Altars:
Trog


Innate Abilities, Weirdness & Mutations

You have a pair of antennae on your head.
You are partially covered in molten scales. (AC +2)
Your flesh is heat resistant. (rF+)
You are immune to clouds of flame.


Message History

You sock the killer bee!
The killer bee is heavily wounded.
The killer bee closely misses you. The killer bee stings you!
A killer bee comes into view.
You completely miss the killer bee.
The killer bee is heavily wounded.
The killer bee barely misses you.
The killer bee stings you but does no damage.
The killer bee stings you!
You hit the killer bee. You freeze the killer bee.
The killer bee is severely wounded.
The killer bee stings you! x2
An orc priest comes into view. It is wielding a club.
You miss the killer bee.
The killer bee is severely wounded.
The killer bee stings you but does no damage.
The killer bee stings you!
* * * LOW HITPOINT WARNING * * *
The killer bee stings you.
You die...

#.. #.# #.# #.#
#.# {#.######## #
{ #<........
#.y#######.#######
#.yyy@.....#
##o######..# #..#
#..# ...# .....
####.# ..


You could see 4 killer bees and an orc priest (wandering).

Vanquished Creatures
  A sky beast (Sewer)
  Crazy Yiuf (D:2)
  Jessica (D:2)
  Robin (D:2)
  5 adders
  A worm (D:2)
  2 dart slugs (D:2)
  4 leopard geckos
  2 orcs
  5 giant cockroaches (D:3)
  9 goblins
  9 hobgoblins
  7 jackals
  A quokka (D:3)
  2 ball pythons (Sewer)
  7 bats
  4 frilled lizards
  9 kobolds
  8 rats
  4 plants (Sewer)
  2 toadstools (D:1)
85 creatures vanquished.

Vanquished Creatures (others)
  2 toadstools (D:1)
2 creatures vanquished.

Grand Total: 87 creatures vanquished

Notes
Turn   | Place    | Note
-------+----------+-------------------------------------------
     0 | D:1      | pichaelthompson the Demonspawn Berserker began the quest for the Orb.
     0 | D:1      | Reached XP level 1. HP: 18/18 MP: 1/1
   647 | D:1      | Gained mutation: Your flesh is heat resistant. (rF+) [demonic ancestry]
   647 | D:1      | Reached XP level 2. HP: 17/24 MP: 2/2
   947 | D:2      | Noticed Robin
   957 | D:2      | Killed Robin
   961 | D:2      | Gained mutation: You are partially covered in molten scales. (AC +2) [demonic ancestry]
   961 | D:2      | Reached XP level 3. HP: 10/29 MP: 3/3
  1428 | D:2      | Noticed Jessica
  1441 | D:2      | Killed Jessica
  1512 | D:2      | Reached ** piety under Trog
  1512 | D:2      | Gained mutation: You have a pair of small antennae on your head. [demonic ancestry]
  1512 | D:2      | Reached XP level 4. HP: 35/37 MP: 4/4
  2312 | D:2      | Found a runed door.
  2317 | D:2      | Noticed Crazy Yiuf
  2323 | D:2      | Killed Crazy Yiuf
  2323 | D:2      | Reached skill level 4 in Fighting
  2431 | D:2      | Gained mutation: You have a pair of antennae on your head. [demonic ancestry]
  2431 | D:2      | Reached XP level 5. HP: 42/42 MP: 5/5
  2604 | D:3      | Found a glowing drain.
  2653 | Sewer    | Entered a sewer
  2793 | Sewer    | Reached skill level 1 in Staves
  2794 | Sewer    | Noticed a sky beast
  2794 | Sewer    | an adder changed into a sky beast
  2801 | Sewer    | Killed a sky beast
  2915 | Sewer    | Gained mutation: You are immune to clouds of flame. [demonic ancestry]
  2915 | Sewer    | Reached XP level 6. HP: 48/48 MP: 6/6
  3527 | D:3      | Found a bloodstained altar of Trog.
  3760 | D:4      | Slain by a killer bee

Vault maps used:
D:1:      ldierk_water_garden, solitary_fountain, grunt_decor_cap
D:2:      uniq_robin, uniq_jessica, uniq_crazy_yiuf_cottage
D:3:      gup_sewer_entry_pipe, trog_butcher_becter
D:4:      old_standard_altar, marbit_many_paths, first_bread, serial_shops,
          shop, uniq_duvessa
Sewer:    sewer_co_scattered_pipes

Skill      XL: |  1  2  3  4  5 |
---------------+----------------+-----
Polearms       | 3 |  3.5
Dodging        | 2 3 |  3.6
Armour         | 2 |  2.0
Fighting       | 4 |  4.2
Staves         | 2 |  2.1
Stealth        | |  0.6

Action                   |  1- 3 |  4- 6 || total
-------------------------+-------+-------++-------
Melee: Spear             |    91 |    82 ||   173
       Quarterstaff      |       |   164 ||   164
Invok: Berserk           |     1 |     1 ||     2
  Use: Scroll            |       |    11 ||    11
  Eat: Chunk             |     3 |     9 ||    12
Armor: Animal skin       |    23 |    82 ||   105
Dodge: Dodged            |    53 |   149 ||   202
